 Dungeon Crawl Stone Soup version 0.20-a0-795-ga03948b (webtiles) character file.

691 nono the Cutter (level 7, -3/37 HPs)
             Began as a Vine Stalker Hunter on Feb 28, 2017.
             Killed from afar by a steam dragon (10 damage)
             ... with a ball of steam
             ... on level 5 of the Dungeon on Mar 1, 2017.
             The game lasted 00:12:35 (1640 turns).

nono the Cutter (Vine Stalker Hunter)               Turns: 1640, Time: 00:12:36

Health: -3/37      AC:  5    Str: 15 (17) XL:     7   Next: 63%
Magic:  0/8        EV: 14    Int:  9 (11) God:
Gold:   171        SH:  9    Dex: 18 (19) Spells: 6/6 levels left

rFire    . . .     SeeInvis +   l - +1 dagger (venom)
rCold    . . .     Gourm    .   z - +0 ring mail
rNeg     + . .     Faith    .   s - +0 shield
rPois    .         Spirit   +   (no helmet)
rElec    .         Reflect  .   (no cloak)
rCorr    .         Harm     .   (no gloves)
MR       .....                  (no boots)
Stlth    ++........             (no amulet)
Regen    0.6/turn               v - ring of positive energy
MPRegen  0.2/turn               p - ring of see invisible

@: agile
A: fangs 2, regeneration 1, magic shield, antimagic bite, no potion heal 3, rot
immunity
a: no special abilities


You were on level 5 of the Dungeon.
You were hungry.

You visited 1 branch of the dungeon, and saw 5 of its levels.

You collected 171 gold pieces.

Inventory:

Hand Weapons
 a - a +0 short sword
 d - a +0 short sword of draining
 l - a +1 dagger of venom (weapon)
 m - a +1 dagger of venom
 x - a +0 blowgun
Missiles
 c - 4 javelins (quivered)
 y - 10 poisoned needles
Armour
 b - a +0 leather armour
 s - a +0 shield (worn)
 z - a +0 ring mail (worn)
Jewellery
 p - a ring of see invisible (left hand)
 v - a ring of positive energy (right hand)
 C - an uncursed ring of wizardry
Wands
 E - a wand of flame (15/48)
Scrolls
 e - a scroll of magic mapping
 h - 2 scrolls of immolation
 i - 3 scrolls of remove curse
 o - 2 scrolls of teleportation {unknown}
 r - 3 scrolls of identify {unknown}
 t - a scroll of amnesia {unknown}
 u - 3 scrolls of fog {unknown}
 w - 2 scrolls of recharging {unknown}
 F - a scroll of enchant weapon {unknown}
Books
 k - a book of Misfortune

   Spells                             Type                      Level
   a - Confusing Touch                Hexes                        1
   b - Confuse                        Hexes                        3
   c - Gell's Gravitas                Translocation                3
   d - Petrify                        Transmutation/Earth          4
   e - Metabolic Englaciation         Hexes/Ice                    5
   f - Yara's Violent Unravelling     Hexes/Transmutation          5
 A - a book of Conjurations

   Spells                             Type                      Level
   a - Magic Dart                     Conjuration                  1
   b - Searing Ray                    Conjuration                  2
   c - Dazzling Spray                 Conjuration/Hexes            3
   d - Fulminant Prism                Conjuration/Hexes            4
   e - Force Lance                    Conjuration/Translocation    4
   f - Iskenderun's Mystic Blast      Conjuration                  4
Comestibles
 f - 2 bread rations
 g - 3 meat rations
 n - 6 fruits
 B - a chunk of flesh


   Skills:
 + Level 4.1 Fighting
 + Level 4.6 Short Blades
 - Level 3.9 Throwing
 - Level 1.5 Dodging
 - Level 1.2 Stealth
 + Level 3.6 Shields


You had 6 spell levels left.
You didn't know any spells.

Dungeon Overview and Level Annotations

Branches:
Dungeon (5/15)
 Temple: D:4-7

Altars:
Fedhas

Annotations:
D:5 Voxish's ghost, novice KoAM


Innate Abilities, Weirdness & Mutations

You have extremely sharp teeth.
Your natural rate of healing is unusually fast.
When hurt, damage is shared between your health and your magic reserves.
Your bite disrupts and absorbs the magic of your enemies.
Potions cannot restore your health.
You are immune to rotting.


Message History

The ball of steam misses you. The steam dragon breathes steam at you.
The ball of steam misses you.
The fungus is engulfed in a cloud of scalding steam. x3
It was a potion of degeneration.
There was something very wrong with that liquid.
You feel weakened.
You feel dopey.
You feel clumsy.
The fungus is engulfed in a cloud of scalding steam. x2
The steam dragon bites you but does no damage.
You block the steam dragon's attack. The steam dragon bites you.
* * * LOW HITPOINT WARNING * * *
You block the steam dragon's attack.
It was a potion of agility.
You feel agile all of a sudden.
The fungus is engulfed in a cloud of scalding steam.
You block the steam dragon's attack. The steam dragon claws you.
* * * LOW HITPOINT WARNING * * *
The steam dragon breathes steam at you. The ball of steam hits you!
You die...

#.≈..≈.## #.....
##≈.....≈# #..###
#.≈.....P# #..#
≈≈.....^# ##..#
#PP.(.≈# #...#
#≈..^.# #...###
#≈..#########......
#DDP#..............
#.@≈#.########.####
#P.P#.# #.# #P.≈#.#
#.# #§§P#†# #.###
##§§#.# #...#
#.P#.##########.#
#.^##......# #.#
#≈.P######.# ##.##
#...######.###....


You could see 2 steam dragons.

Vanquished Creatures
  An ice beast (D:5)
  2 ogres (D:4)
  A howler monkey (D:4)
  An orc priest (D:3)
  2 hounds (D:4)
  An iguana (D:5)
  An orc wizard (D:3)
  5 worker ants
  5 adders
  A shadow imp (D:5)
  2 oozes
  A worm (D:2)
  5 leopard geckos
  4 orcs (D:3)
  A giant cockroach (D:1)
  4 hobgoblins (D:1)
  7 jackals
  2 quokkas (D:2)
  2 bats
  4 frilled lizards
  5 goblins
  A jackal zombie (D:5)
  3 kobolds
  22 rats
83 creatures vanquished.

Notes
Turn   | Place    | Note
-------+----------+-------------------------------------------
     0 | D:1      | nono the Vine Stalker Hunter began the quest for the Orb.
     0 | D:1      | Reached XP level 1. HP: 11/11 MP: 2/2
     0 | D:1      | Upgraded the game from 0.20-a0-792-g09bcfd3 to 0.20-a0-795-ga03948b
   168 | D:1      | Reached XP level 2. HP: 11/15 MP: 3/3
   170 | D:1      | Reached skill level 1 in Short Blades
   353 | D:2      | Reached XP level 3. HP: 11/18 MP: 4/4
   604 | D:2      | Gained mutation: Your natural rate of healing is unusually fast. [Vine Stalker growth]
   604 | D:2      | Reached XP level 4. HP: 15/23 MP: 5/5
   694 | D:3      | Reached skill level 1 in Shields
   882 | D:3      | Reached XP level 5. HP: 6/26 MP: 1/6
  1080 | D:4      | Noticed an ogre
  1104 | D:4      | Killed an ogre
  1104 | D:4      | Reached XP level 6. HP: 23/32 MP: 3/7
  1169 | D:5      | Entered Level 5 of the Dungeon
  1213 | D:5      | Noticed an ice beast
  1216 | D:5      | Noticed Voxish's ghost (novice KoAM)
  1243 | D:5      | Killed an ice beast
  1322 | D:4      | Reached XP level 7. HP: 33/36 MP: 6/8
  1600 | D:5      | Found a blossoming altar of Fedhas.
  1628 | D:5      | Noticed a steam dragon
  1629 | D:5      | Noticed a steam dragon
  1640 | D:5      | Killed from afar by a steam dragon

Vault maps used:
D:1:      enne_arrival_octagon_isle
D:2:      first_bread, minmay_rat_hole
D:4:      minmay_statues_item
D:5:      kennysheep_steamy, dancing_weapons_uskayaw, minmay_temple_entry_trees,
          basic_altar, doesnt_xom_only_xom

Skill      XL: |  1  2  3  4  5  6  7 |
---------------+----------------------+-----
Short Blades   | 2 3 4 |  4.6
Shields        | 1 2 3 |  3.6
Fighting       | 2 3 4 |  4.1
Throwing       | |  3.9
Dodging        | |  1.5
Stealth        | |  1.2

Action                   |  1- 3 |  4- 6 |  7- 9 || total
-------------------------+-------+-------+-------++-------
Melee: Short sword       |    15 |    16 |       ||    31
       Bite              |    15 |    32 |    15 ||    62
       Dagger            |    69 |    81 |    48 ||   198
Throw: Javelin           |    17 |     8 |     1 ||    26
       Throwing net      |     3 |     1 |       ||     4
  Use: Scroll            |       |     3 |       ||     3
       Potion            |       |       |     3 ||     3
 Stab: Sleeping          |     1 |     3 |     1 ||     5
  Eat: Chunk             |       |     1 |     1 ||     2
Armor: Leather armour    |    18 |    13 |       ||    31
       Ring mail         |       |     8 |    12 ||    20
Dodge: Dodged            |    43 |    24 |    20 ||    87
Block: Shield            |    11 |    30 |    20 ||    61
